A+ EAST
FREDERICK KEYS @ GREENVILLE DRIVE
08/01/2041
 
TOP OF THE 1ST
Frederick Keys batting - Pitching for Greenville Drive : LHP Juan Ramos
Pitching: LHP Juan Ramos
Batting: SHB Greg Foster 0-0: Ball
1-0: Swinging Strike
1-1: Foul Ball, location: 5DF
1-2: Ball
2-2: Strikes out looking
Batting: RHB Luis Medellín 0-0: Ball
1-0: Called Strike
1-1: Foul Ball, location: 7LMF
1-2: Ball
2-2: Strikes out swinging
Batting: RHB Ian Harris 0-0: Ball
1-0: Ball
2-0: Swinging Strike
2-1: Ball
3-1: Foul Ball, location: 7LDF
3-2: Strikes out looking
Top of the 1st over - 0 runs, 0 hits, 0 errors, 0 left on base; Frederick 0 - Greenville 0
BOTTOM OF THE 1ST
Greenville Drive batting - Pitching for Frederick Keys : RHP Dylan McCoy
Pitching: RHP Dylan McCoy
Batting: RHB Juan Ríos 0-0: Ball
1-0: Ball
2-0: DOUBLE (Flyball, 78D, EV 107.5 MPH)
Batting: RHB Vic Evans 0-0: Ball
1-0: Ball
2-0: Ball
3-0: Called Strike
3-1: Base on Balls
Batting: LHB Bobby Dotson 0-0: Grounds into double play, 4-6-3 (Groundball, 4D, EV 102.5 MPH)
Juan Ríos to third
Batting: SHB Zach Simpson 0-0: Called Strike
0-1: Called Strike
0-2: Ball
1-2: Foul Ball, location: 2F
1-2: Ball
2-2: Strikes out swinging
Bottom of the 1st over - 0 runs, 1 hit, 0 errors, 1 left on base; Frederick 0 - Greenville 0
TOP OF THE 2ND
Frederick Keys batting - Pitching for Greenville Drive : LHP Juan Ramos
Batting: RHB Jonathan Aguilar 0-0: Ball
1-0: Ball
2-0: Swinging Strike
2-1: Fly out, F8 (Flyball, 8LM, EV 84.4 MPH)
Batting: LHB Lonnie Paredes 0-0: Ball
1-0: Ball
2-0: Called Strike
2-1: Called Strike
2-2: Foul Ball, location: 2F
2-2: Ball
3-2: Strikes out swinging
Batting: LHB Kevin Parker 0-0: Called Strike
0-1: Ball
1-1: Ball
2-1: Ball
3-1: Called Strike
3-2: Strikes out swinging, 2-3 out at first.
Top of the 2nd over - 0 runs, 0 hits, 0 errors, 0 left on base; Frederick 0 - Greenville 0
BOTTOM OF THE 2ND
Greenville Drive batting - Pitching for Frederick Keys : RHP Dylan McCoy
Batting: LHB Manny Lara 0-0: Ball
1-0: Ground out 4-3 (Groundball, 4, EV 86.9 MPH)
Batting: RHB Donnie Perry 0-0: Ball
1-0: Ball
2-0: Fly out, F4 (Popup, 4, EV 53.8 MPH)
Batting: SHB Sean O'Herlihy 0-0: Ball
1-0: Foul Ball, location: 7LDF
1-1: Fly out, F7 (Flyball, 7LM, EV 91.9 MPH)
Bottom of the 2nd over - 0 runs, 0 hits, 0 errors, 0 left on base; Frederick 0 - Greenville 0
TOP OF THE 3RD
Frederick Keys batting - Pitching for Greenville Drive : LHP Juan Ramos
Batting: RHB Tommy Riddle 0-0: Ball
1-0: Ball
2-0: Foul Ball, location: 25FF
2-1: Ball
3-1: Foul Ball, location: 3F
3-2: Strikes out swinging
Batting: LHB A.R. Higgins 0-0: Ball
1-0: Called Strike
1-1: Foul Ball, location: 5FF
1-2: Strikes out looking
Batting: RHB Dave Hayes 0-0: Called Strike
0-1: Ball
1-1: Swinging Strike
1-2: Ball
2-2: Ball
3-2: Base on Balls
Batting: SHB Greg Foster 0-0: Called Strike
0-1: Ball
1-1: Ball
2-1: Ball
3-1: Foul Ball, location: 25FF
3-2: Strikes out swinging, 2-3 out at first.
Top of the 3rd over - 0 runs, 0 hits, 0 errors, 1 left on base; Frederick 0 - Greenville 0
BOTTOM OF THE 3RD
Greenville Drive batting - Pitching for Frederick Keys : RHP Dylan McCoy
Batting: RHB Monty Herring 0-0: Ball
1-0: Ground out U3 (Groundball, 3L, EV 102.5 MPH)
Batting: LHB Edgar Castaneda 0-0: Swinging Strike
0-1: Ball
1-1: Swinging Strike
1-2: Ball
2-2: Ball
3-2: Base on Balls
Batting: RHB Juan Ríos 0-0: Called Strike
0-1: Swinging Strike
0-2: Strikes out looking
Batting: RHB Vic Evans 0-0: Called Strike
0-1: SINGLE (Line Drive, 89S, EV 98.1 MPH)
Edgar Castaneda to second
Batting: LHB Bobby Dotson 0-0: Called Strike
0-1: Ball
1-1: Called Strike
1-2: Foul Ball, location: 5SF
1-2: Strikes out looking
Bottom of the 3rd over - 0 runs, 1 hit, 0 errors, 2 left on base; Frederick 0 - Greenville 0
TOP OF THE 4TH
Frederick Keys batting - Pitching for Greenville Drive : LHP Juan Ramos
Batting: RHB Luis Medellín 0-0: Ball
1-0: Called Strike
1-1: Swinging Strike
1-2: Strikes out swinging
Batting: RHB Ian Harris 0-0: Swinging Strike
0-1: Ball
1-1: Foul Ball, location: 5F
1-2: Strikes out swinging
Batting: RHB Jonathan Aguilar 0-0: Called Strike
0-1: Ground out 5-3 (Groundball, 15, EV 84.4 MPH)
Top of the 4th over - 0 runs, 0 hits, 0 errors, 0 left on base; Frederick 0 - Greenville 0
BOTTOM OF THE 4TH
Greenville Drive batting - Pitching for Frederick Keys : RHP Dylan McCoy
Batting: SHB Zach Simpson 0-0: Called Strike
0-1: Called Strike
0-2: Strikes out swinging
Batting: LHB Manny Lara 0-0: Ball
1-0: Swinging Strike
1-1: Foul Ball, location: 7LMF
1-2: Ball
2-2: Strikes out swinging
Batting: RHB Donnie Perry 0-0: Swinging Strike
0-1: Ball
1-1: Ball
2-1: Ball
3-1: Ground out 5-3 (Groundball, 56S, EV 83.8 MPH)
Bottom of the 4th over - 0 runs, 0 hits, 0 errors, 0 left on base; Frederick 0 - Greenville 0
TOP OF THE 5TH
Frederick Keys batting - Pitching for Greenville Drive : LHP Juan Ramos
Batting: LHB Lonnie Paredes 0-0: Called Strike
0-1: Swinging Strike
0-2: Ball
1-2: Foul Ball, location: 2LF
1-2: Ball
2-2: Strikes out swinging
Batting: LHB Kevin Parker 0-0: Ball
1-0: Fly out, F8 (Flyball, 8LM, EV 91.9 MPH)
Batting: RHB Tommy Riddle 0-0: Called Strike
0-1: Ball
1-1: Ball
2-1: Ball
3-1: Base on Balls
Batting: LHB A.R. Higgins 0-0: Ball
1-0: Ball
2-0: Called Strike
2-1: Called Strike
2-2: Ground out 4-3 (Groundball, 4, EV 105.6 MPH)
Top of the 5th over - 0 runs, 0 hits, 0 errors, 1 left on base; Frederick 0 - Greenville 0
BOTTOM OF THE 5TH
Greenville Drive batting - Pitching for Frederick Keys : RHP Dylan McCoy
Batting: SHB Sean O'Herlihy 0-0: Foul Ball, location: 5FF
0-1: Ball
1-1: Swinging Strike
1-2: Foul Ball, location: 3FF
1-2: Strikes out swinging
Batting: RHB Monty Herring 0-0: Ball
1-0: Swinging Strike
1-1: Foul Ball, location: 2F
1-2: Strikes out swinging
Batting: LHB Edgar Castaneda 0-0: Ball
1-0: Ball
2-0: Fly out, F6 (Popup, 6M, EV 58.8 MPH)
Bottom of the 5th over - 0 runs, 0 hits, 0 errors, 0 left on base; Frederick 0 - Greenville 0
TOP OF THE 6TH
Frederick Keys batting - Pitching for Greenville Drive : LHP Juan Ramos
Batting: RHB Dave Hayes 0-0: Ball
1-0: Called Strike
1-1: Foul Ball, location: 5FF
1-2: Foul Ball, location: 2F
1-2: Ball
2-2: Ball
3-2: Strikes out swinging
Batting: SHB Greg Foster 0-0: Ball
1-0: Foul Ball, location: 2F
1-1: Called Strike
1-2: Strikes out swinging
Batting: RHB Luis Medellín 0-0: Foul Ball, location: 2F
0-1: Foul Ball, location: 5DF
0-2: Strikes out looking
Top of the 6th over - 0 runs, 0 hits, 0 errors, 0 left on base; Frederick 0 - Greenville 0
BOTTOM OF THE 6TH
Greenville Drive batting - Pitching for Frederick Keys : RHP Dylan McCoy
Batting: RHB Juan Ríos 0-0: Called Strike
0-1: Foul Ball, location: 23FF
0-2: Ball
1-2: Strikes out swinging
Batting: RHB Vic Evans 0-0: Called Strike
0-1: Called Strike
0-2: Foul Ball, location: 2F
0-2: Ground out 6-3 (Groundball, 6M, EV 105.0 MPH)
Batting: LHB Bobby Dotson 0-0: Foul Ball, location: 25FF
0-1: Ball
1-1: Foul Ball, location: 2F
1-2: SINGLE (Groundball, 6MD, EV 96.3 MPH)
Batting: SHB Zach Simpson 0-0: Fly out, F8 (Flyball, 78M, EV 89.4 MPH)
Bottom of the 6th over - 0 runs, 1 hit, 0 errors, 1 left on base; Frederick 0 - Greenville 0
TOP OF THE 7TH
Frederick Keys batting - Pitching for Greenville Drive : LHP Juan Ramos
Batting: RHB Ian Harris 0-0: Ball
1-0: Ball
2-0: Ball
3-0: Called Strike
3-1: Fly out, F7 (Flyball, 78D, EV 111.3 MPH)
Batting: RHB Jonathan Aguilar 0-0: Hit by Pitch
Batting: LHB Lonnie Paredes 0-0: Ball
1-0: Called Strike
1-1: Fly out, F7 (Line Drive, 7LM, EV 90.0 MPH)
Batting: LHB Kevin Parker 0-0: Ball
1-0: Ball
2-0: Called Strike
2-1: Swinging Strike
2-2: Strikes out swinging
Top of the 7th over - 0 runs, 0 hits, 0 errors, 1 left on base; Frederick 0 - Greenville 0
BOTTOM OF THE 7TH
Greenville Drive batting - Pitching for Frederick Keys : RHP Dylan McCoy
Batting: LHB Manny Lara 0-0: Fly out, F2 (Popup, 5SF, EV 71.9 MPH)
Batting: RHB Donnie Perry 0-0: Fly out, F9 (Flyball, 9, EV 90.6 MPH)
Batting: SHB Sean O'Herlihy 0-0: Ball
1-0: Foul Ball, location: 7LDF
1-1: Foul Ball, location: 9LSF
1-2: Ball
2-2: DOUBLE (Line Drive, 9LM, EV 103.1 MPH)
Batting: RHB Monty Herring 0-0: Foul Ball, location: 3F
0-1: Swinging Strike
0-2: Ball
1-2: Ball
2-2: Ball
3-2: Strikes out swinging
Bottom of the 7th over - 0 runs, 1 hit, 0 errors, 1 left on base; Frederick 0 - Greenville 0
TOP OF THE 8TH
Frederick Keys batting - Pitching for Greenville Drive : LHP Juan Ramos
Batting: RHB Tommy Riddle 0-0: Fly out, F2 (Popup, 2RF, EV 96.3 MPH)
Batting: LHB A.R. Higgins 0-0: Ball
1-0: Fly out, F9 (Flyball, 89M, EV 96.3 MPH)
Batting: RHB Dave Hayes 0-0: Ball
1-0: Foul Ball, location: 9LMF
1-1: SOLO HOME RUN (Flyball, 7D, EV 98.1 MPH), Distance : 391 ft
Batting: SHB Greg Foster 0-0: Fly out, F6 (Line Drive, 6, EV 70.6 MPH)
Top of the 8th over - 1 run, 1 hit, 0 errors, 0 left on base; Frederick 1 - Greenville 0
BOTTOM OF THE 8TH
Greenville Drive batting - Pitching for Frederick Keys : RHP Dylan McCoy
Batting: LHB Edgar Castaneda 0-0: Called Strike
0-1: Foul Ball, location: 2F
0-2: Foul Ball, location: 2F
0-2: Ball
1-2: Foul Ball, location: 23F
1-2: Foul Ball, location: 2F
1-2: Fly out, F9 (Flyball, 89S, EV 98.1 MPH)
Pitching: RHP Geoffrey Adams
Batting: RHB Juan Ríos 0-0: Ball
1-0: Ball
2-0: Foul Ball, location: 7LMF
2-1: Foul Ball, location: 5FF
2-2: Strikes out looking
Batting: RHB Vic Evans 0-0: Called Strike
0-1: SINGLE (Line Drive, 89S, EV 88.1 MPH)
Batting: LHB Bobby Dotson 0-0: Ball
1-0: Called Strike
1-1: Called Strike
1-2: Ball
2-2: SINGLE (Line Drive, 7S, EV 103.1 MPH)
Vic Evans to second
Batting: SHB Zach Simpson 0-0: Foul Ball, location: 7LMF
0-1: Called Strike
0-2: Ground out 4-3 (Groundball, 4MD, EV 96.3 MPH)
Bottom of the 8th over - 0 runs, 2 hits, 0 errors, 2 left on base; Frederick 1 - Greenville 0
TOP OF THE 9TH
Frederick Keys batting - Pitching for Greenville Drive : LHP Juan Ramos
Pitching: RHP Jasper Brasser
Batting: RHB Luis Medellín 0-0: SOLO HOME RUN (Flyball, 78XD, EV 107.5 MPH), Distance : 418 ft
Batting: RHB Ian Harris 0-0: Called Strike
0-1: Foul Ball, location: 2F
0-2: Ball
1-2: Foul Ball, location: 2F
1-2: SINGLE (Line Drive, 8LS, EV 108.8 MPH)
Pinch Hitting: LHB Juan Flores 0-0: Foul Ball, location: 2LF
0-1: Ball
1-1: Called Strike
1-2: Ball
2-2: DOUBLE (Line Drive, 7LS, EV 108.8 MPH)
Ian Harris to third
Batting: LHB Lonnie Paredes 0-0: Intentional Walk
Batting: LHB Kevin Parker 0-0: Called Strike
0-1: Grounds into fielders choice 4-2 (Groundball, 34S, EV 80.0 MPH)
Juan Flores to third
Lonnie Paredes to second
Pinch Hitting: LHB Eli Davis 0-0: Called Strike
0-1: Ball
1-1: Called Strike
1-2: Foul Ball, location: 5SF
1-2: Ball
2-2: Foul Ball, location: 25FF
2-2: Grounds into fielders choice 6-2 (Groundball, 6, EV 86.3 MPH)
Lonnie Paredes to third
Kevin Parker to second
Batting: LHB A.R. Higgins 0-0: Foul Ball, location: 3FF
0-1: Ball
1-1: Ball
2-1: Swinging Strike
2-2: Strikes out swinging
Top of the 9th over - 1 run, 3 hits, 0 errors, 3 left on base; Frederick 2 - Greenville 0
BOTTOM OF THE 9TH
Greenville Drive batting - Pitching for Frederick Keys : RHP Geoffrey Adams
Pitching: RHP Juan Martínez
Now at 1B: Quentin Nixon
Now at 3B: Raúl Lugo
Now in RF: Mike Bean
Batting: LHB Manny Lara 0-0: Ball
1-0: Foul Ball, location: 9LDF
1-1: Ground out 3-1 (Groundball, 34, EV 82.5 MPH)
Batting: RHB Donnie Perry 0-0: Foul Ball, location: 25FF
0-1: Swinging Strike
0-2: Ball
1-2: Strikes out swinging
Pinch Hitting: RHB Anselmo Pérez 0-0: Ball
1-0: Ball
2-0: Ball
3-0: Base on Balls
Batting: RHB Monty Herring 0-0: Called Strike
0-1: Ball
1-1: Ball
2-1: Ball
3-1: Called Strike
3-2: Base on Balls
Anselmo Pérez to second
Batting: LHB Edgar Castaneda 0-0: Ball
1-0: Called Strike
1-1: Called Strike
1-2: Strikes out swinging
Bottom of the 9th over - 0 runs, 0 hits, 0 errors, 2 left on base; Frederick 2 - Greenville 0
Monday, April 1st , 2024 - OOTP Baseball 24.10 Build 82